 Dungeon Crawl Stone Soup version 0.26-a0-800-g517d6fe721 (webtiles) character file.

Game seed: 13702086366661449473

228 Kinoniko the Cudgeller (level 6, 0/37 HPs)
             Began as a Kobold Berserker on Nov 11, 2020.
             Was a Priest of Trog.
             Killed from afar by an orc wizard (8 damage)
             ... with a puff of flame
             ... on level 3 of the Dungeon.
             The game lasted 00:03:18 (2978 turns).

Kinoniko the Cudgeller (Kobold Berserker)           Turns: 2978, Time: 00:03:19

Health: 0/37       AC:  6    Str: 17    XL:     6   Next: 22%
Magic:  6/6        EV: 14    Int:  8    God:    Trog [***...]
Gold:   143        SH:  0    Dex: 14    Spells: 5/5 levels left

rFire    . . .     SeeInvis .   t - +0 flail
rCold    . . .     Faith    .   (shield restricted)
rNeg     . . .     Spirit   .   j - +0 ring mail
rPois    .         Reflect  .   g - +0 helmet
rElec    .         Harm     .   (no cloak)
rCorr    .         Rampage  .   (no gloves)
MR       .....                  (no boots)
Stlth    ++........             (no amulet)
HPRegen  0.12/turn              (no ring)
MPRegen  0.10/turn              (no ring)

@: lethally poisoned (0 -> -11), berserk cooldown
A: small, nightstalker 3
a: Berserk, Trog's Hand, Renounce Religion


You were on level 3 of the Dungeon.
You worshipped Trog.
Trog was most pleased with you.
You visited 1 branch of the dungeon, and saw 3 of its levels.

You collected 143 gold pieces.

Inventory:

Hand Weapons
 a - a +0 mace
 l - a +0 whip
 t - a +0 flail (weapon)
Armour
 d - a +0 leather armour
 g - a +0 helmet (worn)
 j - a +0 ring mail (worn)
Jewellery
 q - an uncursed ring of resist corrosion {unknown}
Wands
 n - a wand of disintegration (18)
Scrolls
 b - 10 scrolls of identify {unknown}
 e - a scroll of enchant armour {unknown}
 h - 2 scrolls of teleportation {unknown}
 k - 3 scrolls of fog {unknown}
 m - a scroll of amnesia {unknown}
 o - a scroll of immolation {unknown}
 p - a scroll of enchant weapon {unknown}
 r - a scroll of remove curse {unknown}


   Skills:
 - Level 3.2 Fighting
 * Level 5.9 Maces & Flails
 - Level 1.5 Armour
 - Level 2.4 Dodging


You had 5 spell levels left.
You didn't know any spells.
Your spell library was empty.

Dungeon Overview and Level Annotations

Branches:
Dungeon (3/15)

Altars:
Fedhas
Qazlal


Innate Abilities, Weirdness & Mutations

You are small and have problems with some larger weapons.
You are completely attuned to the shadows.


Message History

Your ring mail prevents you from hitting the orc.
The orc completely misses you.
You sock the orc!
You kill the orc!
Trog accepts your kill.
You hear some strange, mumbled words.
A puff of frost appears from out of thin air!
The puff of frost hits you!
* * * LOW HITPOINT WARNING * * *
Unknown command.
The orc hits you but does no damage.
You are poisoned.
You miss something.
You feel sick. The orc misses you. Something hits you but does no damage.
You barely miss something. The orc hits you but does no damage.
You are lethally poisoned!
You hear some strange, mumbled words.
A puff of flame appears from out of thin air!
The puff of flame hits you!
You die...

#>...............†......
#.######################
#...... . #.##### # #.#
###### #.#######.....
#.......'.....
#########.....
...o{@......
...w###..... #### ....
#..... .... .... #.....
... .... .... .#. #. #.
## #


You could see a worm and an orc.

Vanquished Creatures
  An orc priest (D:3)
  2 orc wizards (D:2)
  4 adders
  An adder skeleton (D:3)
  2 worms
  2 dart slugs
  3 leopard geckos (D:2)
  6 orcs
  A ball python (D:3)
  8 bats
  12 giant cockroaches
  11 goblins
  4 hobgoblins
  6 jackals
  A quokka (D:2)
  8 frilled lizards
  4 kobolds (D:1)
  5 rats
81 creatures vanquished.

Notes
Turn   | Place    | Note
-------+----------+-------------------------------------------
     0 | D:1      | Kinoniko the Kobold Berserker began the quest for the Orb.
     0 | D:1      | Reached XP level 1. HP: 14/14 MP: 1/1
   144 | D:1      | Reached skill level 3 in Maces & Flails
   297 | D:1      | Reached XP level 2. HP: 19/19 MP: 2/2
   733 | D:1      | Reached XP level 3. HP: 21/23 MP: 3/3
   827 | D:1      | Reached ** piety under Trog
  1056 | D:2      | Reached skill level 4 in Maces & Flails
  1087 | D:2      | Found a stormy altar of Qazlal.
  1152 | D:2      | Found a blossoming altar of Fedhas.
  1218 | D:2      | Reached XP level 4. HP: 28/28 MP: 4/4
  1494 | D:2      | Reached XP level 5. HP: 32/32 MP: 5/5
  1648 | D:2      | Reached skill level 5 in Maces & Flails
  2465 | D:3      | Reached *** piety under Trog
  2763 | D:3      | Reached XP level 6. HP: 26/37 MP: 6/6
  2978 | D:3      | Killed from afar by an orc wizard

Illustrated notes

Levels and vault maps discovered:
D:1:      dpeg_arrival_short_road, layout_basic
D:2:      layout_loops_ring, grunt_temple_overflow_forces_of_nature,
          minivault_4, kennysheep_generic_room_5
D:3:      minmay_roachtagon, layout_basic, uniq_natasha

Skill      XL: |  1  2  3  4  5 |
---------------+----------------+-----
Maces & Flails | 3 4 5 |  5.9
Fighting       | |  3.2
Armour         | |  1.5
Dodging        | |  2.4

Action                   |  1- 3 |  4- 6 || total
-------------------------+-------+-------++-------
Melee: Mace              |    83 |    65 ||   148
       Whip              |       |    87 ||    87
       Flail             |       |    23 ||    23
Invok: Berserk           |     1 |     4 ||     5
  Use: Potion            |       |     5 ||     5
 Stab: Sleeping          |    11 |     3 ||    14
Armor: Animal skin       |     1 |       ||     1
       Leather armour    |    17 |     5 ||    22
       Skin              |       |    28 ||    28
       Ring mail         |       |    56 ||    56
Dodge: Dodged            |    65 |   161 ||   226

Table legend: (Time is in decaauts)
 A = Elapsed time spent in this place.
 B = Non-inter-level travel time spent in this place.
 C = Inter-level travel time spent in this place.
 D = Time resting spent in this place.
 E = Time spent auto-exploring this place.
 F = Levels seen in this place.
 G = Mean time per level.
                   A        B        C        D        E       F      G
               +--------+--------+--------+--------+--------+-----+--------+
         Total |   3033 |   2973 |     60 |    645 |   1809 |   3 | 1011.0 |
       Dungeon |   3033 |   2973 |     60 |    645 |   1809 |   3 | 1011.0 |
               +--------+--------+--------+--------+--------+-----+--------+

Top non-repeatable levels by time:
     D:2: 1410 daAuts
     D:1: 970 daAuts
     D:3: 653 daAuts
